 Dungeon Crawl Stone Soup version 0.29.0-11-gd7f09526c8 (webtiles) character file.

Game seed: 16954107481558144914

126 ImASeal the Changer (level 5, -2/37 HPs)
             Began as a Gnoll Wanderer on Sept 6, 2022.
             Slain by a gnoll
             ... wielding a +0 flail
              (5 damage)
             ... on level 2 of the Dungeon.
             The game lasted 00:08:59 (2152 turns).

ImASeal the Changer (Gnoll Wanderer)                Turns: 2152, Time: 00:09:00

Health: -2/37      AC:  3    Str: 10    XL:     5   Next: 10%
Magic:  1/9        EV: 13    Int: 11    God:
Gold:   67         SH:  0    Dex: 15    Spells: 8/10 levels left

rFire   . . .      SeeInvis .   a - +0 dagger
rCold   . . .      Faith    .   (no shield)
rNeg    . . .      Spirit   .   c - +0 robe
rPois   .          Reflect  .   m - +0 hat
rElec   .          Harm     .   (no cloak)
rCorr   .          Rampage  .   (no gloves)
Will    .....                   e - +0 pair of boots
Stlth   ++........              (no amulet)
HPRegen 0.12/turn               (no ring)
MPRegen 0.11/turn               (no ring)

@: no status effects
A: fangs 1, strong nose, distributed training
a: no special abilities


You were on level 2 of the Dungeon.
You visited 1 branch of the dungeon, and saw 2 of its levels.

You collected 67 gold pieces.

Inventory:

Hand Weapons
 a - a +0 dagger (weapon)
Armour
 c - a +0 robe (worn)
 e - a +0 pair of boots (worn)
 m - a +0 hat (worn)
Magical Staves
 n - a staff of death
Jewellery
 p - an amulet of reflection
Scrolls
 g - 2 scrolls of magic mapping {unknown}
 i - a scroll of noise {unknown}
 k - a scroll of silence {unknown}
 l - a scroll of torment {unknown}
 o - a scroll of amnesia {unknown}
 q - a scroll of fear {unknown}
Potions
 b - a potion of attraction
 f - a potion of brilliance {unknown}
 h - a potion of haste {unknown}
 j - 2 potions of heal wounds {unknown}


   Skills:
 + Level 1.4 Fighting
 + Level 1.4 Short Blades
 + Level 1.4 Long Blades
 + Level 1.4 Axes
 + Level 1.4 Maces & Flails
 + Level 1.4 Polearms
 + Level 1.4 Staves
 + Level 1.4 Ranged Weapons
 + Level 1.4 Throwing
 + Level 1.4 Armour
 + Level 2.9 Dodging
 + Level 1.4 Stealth
 + Level 1.4 Shields
 + Level 1.4 Unarmed Combat
 + Level 3.1 Spellcasting
 + Level 1.1 Conjurations
 + Level 1.1 Hexes
 + Level 1.1 Summonings
 + Level 1.1 Necromancy
 + Level 5.5 Translocations
 + Level 7.2 Transmutations
 + Level 1.1 Fire Magic
 + Level 1.1 Ice Magic
 + Level 1.1 Air Magic
 + Level 1.1 Earth Magic
 + Level 1.1 Poison Magic
 + Level 1.6 Invocations
 + Level 2.9 Evocations


You had 8 spell levels left.
You knew the following spells:

 Your Spells              Type           Power      Damage    Failure   Level
a - Sting                 Tmut/Pois      40%        1d5       4%          1
b - Apportation           Tloc           26%        N/A       2%          1

Your spell library contained the following spells:

 Spells                   Type           Power      Damage    Failure   Level
 Teleport Other           Tloc           13%        N/A       8%          3
 Spider Form              Tmut/Pois      10%        N/A       14%         3
 Portal Projectile        Hex/Tloc       18%        N/A       21%         3


Dungeon Overview and Level Annotations

Branches:
Dungeon (2/15)

Altars:


Innate Abilities, Weirdness & Mutations

You have very sharp teeth.
Your uncanny sense of smell can sniff out nearby items.
Your experience applies equally to all skills.


Message History

The gnoll attacks as you move away! The gnoll closely misses you.
Casting: Sting (safe; 4% risk of failure)
Confirm with . or Enter, or press ? or * to list all spells.
Aiming: Sting (safe; 4% risk of failure)
Press: ? - help, Shift-Dir - straight line, f/p - gnoll
Aim: a gnoll, wielding a +0 flail (75% to hit)
The sting hits the gnoll but does no damage.
The gnoll is poisoned.
The gnoll is moderately wounded.
The gnoll hits you with a +0 whip!
Casting: Sting (safe; 4% risk of failure)
Confirm with . or Enter, or press ? or * to list all spells.
Aiming: Sting (safe; 4% risk of failure)
Press: ? - help, Shift-Dir - straight line, f - gnoll, p - gnoll
Aim: a gnoll, wielding a +0 spear (75% to hit)
The sting hits the gnoll.
The gnoll looks even sicker.
The gnoll is heavily wounded.
The gnoll hits you with a +0 whip!
Aiming: Throw Flame
Press: ? - help, Shift-Dir - straight line, f/p - gnoll
Aim: a gnoll, wielding a +0 spear (75% to hit)
The puff of flame hits the gnoll.
You kill the gnoll!
Aiming: Throw Flame
Press: ? - help, Shift-Dir - straight line, f/p - gnoll
Aim: a gnoll, wielding a +0 spear (75% to hit)
The puff of flame hits the gnoll.
The gnoll is moderately wounded.
The gnoll hits you with a +0 flail!
* * * LOW HITPOINT WARNING * * *
Aiming: Throw Flame
Press: ? - help, Shift-Dir - straight line, f/p - gnoll
Aim: a gnoll, wielding a +0 spear (75% to hit)
The puff of flame misses the gnoll.
The puff of flame hits the gnoll!
The gnoll is heavily wounded.
The now-empty wand crumbles to dust.
The gnoll hits you from afar with a +0 spear.
* * * LOW HITPOINT WARNING * * *
The gnoll hits you with a +0 flail.
You die...

#.# #.# #.# ##. #.# #.# #.####.
... #.# #...... #.# #.# ######'
#.# #.# ##.. ###.# #.## ##...
####.#.### ##..# ##....
..##........########†..####.....
..'.......)..gg@....†.....'.....
..##.#<#####.###.###...####.....
#.#. #.# #.# ##..# ##.... # #.
#.# #.####..# ##... .g #.#
#.#.....# ##.. #. #.# #.#.##.##
##' #. ..# #......# #. ##
#######.##### #.
#.........########.


You could see 2 gnolls.

Vanquished Creatures
  Natasha (twice) (D:2)
  2 gnolls (D:2)
  2 adders (D:2)
  A worm (D:2)
  A dart slug (D:1)
  4 endoplasms
  A giant cockroach (D:1)
  5 goblins (D:1)
  A hobgoblin (D:1)
  3 kobolds
  2 quokkas
  6 ball pythons
  4 bats
  4 frilled lizards
  A rat (D:2)
39 creatures vanquished.

Notes
Turn   | Place    | Note
-------+----------+-------------------------------------------
     0 | D:1      | ImASeal the Gnoll Wanderer began the quest for the Orb.
     0 | D:1      | ImASeal set off with the following items: a +0 dagger, a
                  | potion of attraction, a +0 robe, a wand of flame (4); and
                  | the following spells available to memorise: Apportation,
                  | Sting, Teleport Other, Spider Form, Portal Projectile.
     0 | D:1      | Reached XP level 1. HP: 13/13 MP: 4/4
    28 | D:1      | Learned a level 1 spell: Sting
   123 | D:1      | Reached XP level 2. HP: 18/19 MP: 0/5
   735 | D:1      | Reached XP level 3. HP: 22/25 MP: 5/7
   977 | D:2      | Reached skill level 1 in Invocations
  1157 | D:2      | Reached skill level 1 in Fighting
  1157 | D:2      | Reached skill level 1 in Short Blades
  1157 | D:2      | Reached skill level 1 in Long Blades
  1157 | D:2      | Reached skill level 1 in Axes
  1157 | D:2      | Reached skill level 1 in Maces & Flails
  1157 | D:2      | Reached skill level 1 in Polearms
  1157 | D:2      | Reached skill level 1 in Staves
  1157 | D:2      | Reached skill level 1 in Ranged Weapons
  1157 | D:2      | Reached skill level 1 in Throwing
  1157 | D:2      | Reached skill level 1 in Armour
  1157 | D:2      | Reached skill level 1 in Stealth
  1157 | D:2      | Reached skill level 1 in Shields
  1157 | D:2      | Reached skill level 1 in Unarmed Combat
  1381 | D:2      | Noticed Natasha
  1391 | D:2      | Killed Natasha
  1392 | D:2      | Reached XP level 4. HP: 10/32 MP: 4/8
  1677 | D:2      | Learned a level 1 spell: Apportation
  1739 | D:2      | Noticed Natasha
  1751 | D:2      | Reached skill level 1 in Conjurations
  1751 | D:2      | Reached skill level 1 in Hexes
  1751 | D:2      | Reached skill level 1 in Summonings
  1751 | D:2      | Reached skill level 1 in Necromancy
  1751 | D:2      | Reached skill level 1 in Fire Magic
  1751 | D:2      | Reached skill level 1 in Ice Magic
  1751 | D:2      | Reached skill level 1 in Air Magic
  1751 | D:2      | Reached skill level 1 in Earth Magic
  1751 | D:2      | Reached skill level 1 in Poison Magic
  1760 | D:2      | Killed Natasha
  2138 | D:2      | Reached XP level 5. HP: 32/37 MP: 3/9
  2152 | D:2      | Slain by a gnoll

Illustrated notes

Levels and vault maps discovered:
D:1:      dpeg_arrival_pits, layout_basic
D:2:      layout_loops_corners, uniq_natasha

Skill      XL: |  1  2  3  4 |
---------------+-------------+-----
Invocations    | 1 |  1.6
Fighting       | 1 |  1.4
Short Blades   | 1 |  1.4
Long Blades    | 1 |  1.4
Axes           | 1 |  1.4
Maces & Flails | 1 |  1.4
Polearms       | 1 |  1.4
Staves         | 1 |  1.4
Ranged Weapons | 1 |  1.4
Throwing       | 1 |  1.4
Armour         | 1 |  1.4
Stealth        | 1 |  1.4
Shields        | 1 |  1.4
Unarmed Combat | 1 |  1.4
Spellcasting   | 3 |  3.1
Conjurations   | 1 |  1.1
Hexes          | 1 |  1.1
Summonings     | 1 |  1.1
Necromancy     | 1 |  1.1
Fire Magic     | 1 |  1.1
Ice Magic      | 1 |  1.1
Air Magic      | 1 |  1.1
Earth Magic    | 1 |  1.1
Poison Magic   | 1 |  1.1
Dodging        | |  2.9
Translocations | |  5.5
Transmutations | |  7.2
Evocations     | |  2.9

Action                   |  1- 3 |  4- 6 || total
-------------------------+-------+-------++-------
Melee: Dagger            |    63 |    20 ||    83
       Bite              |     2 |     1 ||     3
       Punch             |     1 |       ||     1
 Cast: Sting             |    30 |    23 ||    53
       Apportation       |       |     1 ||     1
Evoke: Wand              |       |     4 ||     4
 Stab: Sleeping          |     2 |     1 ||     3
Armor: Robe              |    14 |     5 ||    19
Dodge: Dodged            |    42 |    21 ||    63
